 Dungeon Crawl Stone Soup version 0.30-a0-883-g5ad918d77d (webtiles) character file.

Game seed: 5952042406227841762

1264 holysushi the Ducker (level 8, -8/54 HPs)
             Began as an Octopode Monk on Mar 17, 2023.
             Was an Initiate of Gozag.
             Killed by divine providence
             ... invoked by an orc priest
              (11 damage)
             ... on level 7 of the Dungeon.
             The game lasted 00:07:07 (5910 turns).

holysushi the Ducker (Octopode Monk)                Turns: 5910, Time: 00:07:07

Health: -8/54      AC:  1    Str:  9      XL:     8   Next: 52%
Magic:  8/8        EV: 13    Int: 11 (12) God:    Gozag
Gold:   592        SH: 16    Dex: 20      Spells: 7/7 levels left

rFire   . . .      SeeInvis .    a - +0 short sword
rCold   . . .      Faith    .    q - +0 tower shield
rNeg    . . .      Spirit   .    (helmet restricted)
rPois   .          Reflect  .    (no amulet)
rElec   .          Rampage  .    (no ring)
rCorr   .                        (no ring)
Will    .....                    (no ring)
Stlth   ++++                     (no ring)
HPRegen 0.29/turn                (no ring)
MPRegen 0.11/turn                (no ring)
                                 (no ring)
                                 (no ring)

@: mighty, gold aura
A: almost no armour, amphibious, 8 rings, camouflage 1, gelatinous body 1,
(nimble swimmer 1), tentacles, agile 1
a: Renounce Religion, Potion Petition, Call Merchant, Bribe Branch


You were on level 7 of the Dungeon.
You worshipped Gozag.
Gozag was pleased with you.
You visited 1 branch of the dungeon, and saw 7 of its levels.

You collected 748 gold pieces.
You spent 156 gold pieces at shops.

Inventory:

Hand Weapons
 a - a +0 short sword (weapon)
 d - a +0 rapier
 p - a +2 great sword
Missiles
 n - a throwing net (quivered)
Armour
 q - a +0 tower shield (worn)
Jewellery
 k - a ring of resist corrosion
Scrolls
 f - 2 scrolls of immolation
 g - 3 scrolls of teleportation
 i - a scroll of fog
 j - a scroll of blinking
Potions
 b - a potion of attraction
 c - 4 potions of brilliance
 e - 2 potions of flight
 h - a potion of resistance
 l - a potion of curing


   Skills:
 - Level 4.1 Fighting
 + Level 5.3(5.4) Short Blades
 - Level 1.2(3.5) Long Blades
 - Level 6.1 Dodging
 + Level 3.4 Stealth
 - Level 6.0 Shields


You had 7 spell levels left.
You didn't know any spells.
Your spell library contained the following spells:

 Spells                   Type           Power      Damage    Failure   Level
 Summon Small Mammal      Summ           0%         N/A       98%         1
 Call Canine Familiar     Summ           0%         N/A       100%        3
 Portal Projectile        Hex/Tloc       0%         N/A       100%        3
 Summon Guardian Golem    Hex/Summ       0%         N/A       100%        3
 Leda's Liquefaction      Hex/Erth       0%         N/A       100%        4
 Olgreb's Toxic Radiance  Pois           0%         N/A       100%        4
 Ozocubu's Refrigeration  Ice            0%         4d7       100%        7
 Ignition                 Fire           0%         3d3       100%        8


Dungeon Overview and Level Annotations

Branches:
Dungeon (7/15) Zot: 26807  Temple (0/1) D:4

Altars:
Fedhas
Gozag
Kikubaaqudgha
Makhleb
Nemelex Xobeh
Ru
Wu Jian

Shops:
D:5 [   D:6 [   D:7 *[

Annotations:
D:5 Dowan, Duvessa
D:7 exclusion: troll


Innate Abilities, Weirdness & Mutations

You cannot wear most types of armour.
You are amphibious.
You can wear up to eight rings at the same time.
Your skin changes colour to match your surroundings (Stealth+).
Your rubbery body absorbs attacks. (AC +1, EV +1)
((You are camouflaged when in or above water. (Stealth+)))
You have tentacles for arms and can constrict up to eight enemies at once.
You are agile. (Dex +4, Str/Int -1)


Message History

You block something's attack.
The orc priest invokes the aid of Beogh against you.
Beogh smites you!
Things that are here:
6 gold pieces; a +0 club You miss something.
You block something's attack.
You miss something. You block something's attack.
You closely miss the orc priest. You grab the orc priest.
You squeeze the orc priest, but do no damage.
You constrict the orc priest. Something hits you. Something shocks you.
You block the orc priest's attack.
The orc priest hits you with a +0 short sword.
Something hits you.
* * * LOW HITPOINT WARNING * * *
Something shocks you.
* * * LOW HITPOINT WARNING * * *
You hit the orc priest but do no damage.
You squeeze the orc priest.
The orc priest is moderately wounded.
You constrict the orc priest. Something hits you.
* * * LOW HITPOINT WARNING * * *
Something shocks you.
* * * LOW HITPOINT WARNING * * *
The orc priest escapes!
You feel much better. Something hits you. Something shocks you.
The orc priest hits you with a +0 short sword!
* * * LOW HITPOINT WARNING * * *
You feel very mighty all of a sudden. You block something's attack.
You block the orc priest's attack.
You hit the orc priest. You grab the orc priest.
The orc priest is severely wounded.
You constrict the orc priest, but do no damage.
Something hits you.
* * * LOW HITPOINT WARNING * * *
Something shocks you.
* * * LOW HITPOINT WARNING * * *
The orc priest invokes the aid of Beogh against you.
Beogh smites you!
You die...
Your body crumbles into a pile of gold.

..........(.# ### ###..
............#
##.#######...#
..)........#
##.........####
...........# ##.........##
..........# #...........#
......Y..# ##...........#
.........####...........##
.........##.o..........##
#......[...{@..........#
#..#####..###.........##
.. #..# ##.......## . #.##
##.....## ..# #..### ....
### ..... .....


You could see an orc priest.

Vanquished Creatures
  A sky beast (D:6)
  An ice beast (D:6)
  A black bear (D:6)
  An ogre (D:4)
  A gnoll sergeant (D:4)
  3 scorpions
  2 howler monkeys (D:5)
  A hound (D:5)
  2 jellies
  A sleepcap (D:5)
  2 orc priests
  Jessica (D:2)
  2 orc wizards
  10 adders
  10 gnolls
  A shadow imp (D:6)
  An ufetubus (D:5)
  A worm (D:2)
  2 dart slugs
  21 orcs
  8 ball pythons
  8 bats
  10 endoplasms
  2 giant cockroaches
  8 goblins
  8 hobgoblins
  11 jackals
  3 kobolds (D:1)
  6 quokkas
  2 frilled lizards (D:1)
  7 rats
138 creatures vanquished.

Vanquished Creatures (others)
  18 fungi (D:5)
  38 plants
56 creatures vanquished.

Grand Total: 194 creatures vanquished

Notes
Turn   | Place    | Note
-------+----------+-------------------------------------------
     0 | D:1      | holysushi the Octopode Monk began the quest for the Orb.
     0 | D:1      | Reached XP level 1. HP: 16/16 MP: 1/1
   101 | D:1      | Reached XP level 2. HP: 21/21 MP: 2/2
   212 | D:1      | Reached XP level 3. HP: 26/26 MP: 3/3
   635 | D:1      | Found a faded altar of an unknown god.
   886 | D:2      | Reached XP level 4. HP: 31/31 MP: 4/4
   925 | D:2      | Reached skill level 5 in Dodging
  1415 | D:2      | Reached XP level 5. HP: 36/36 MP: 5/5
  1438 | D:2      | Noticed Jessica
  1444 | D:2      | Killed Jessica
  2186 | D:3      | Found a sacrificial altar of Ru.
  2205 | D:3      | Reached skill level 1 in Long Blades
  2604 | D:3      | Found an opulent altar of Gozag.
  2956 | D:3      | Became a worshipper of Gozag Ym Sagoz the Greedy
  3109 | D:4      | Reached XP level 6. HP: 42/42 MP: 6/6
  3444 | D:4      | Found an ornate altar of the Wu Jian Council.
  3595 | D:4      | Reached XP level 7. HP: 46/46 MP: 7/7
  3908 | D:4      | Found a staircase to the Ecumenical Temple.
  4003 | D:5      | Entered Level 5 of the Dungeon
  4050 | D:5      | Reached skill level 5 in Shields
  4162 | D:5      | Found Eshyudaq's Antique Armour Shop.
  4175 | D:5      | Identified the +1 robe of Pathos {Rampage rElec rPois
                  | Stlth+}
  4205 | D:5      | Found a sparkling altar of Nemelex Xobeh.
  4217 | D:5      | Found an ancient bone altar of Kikubaaqudgha.
  4469 | D:5      | Found a blossoming altar of Fedhas.
  4469 | D:5      | Noticed Dowan
  4469 | D:5      | Noticed Duvessa
  4823 | D:6      | Reached XP level 8. HP: 19/54 MP: 8/8
  5078 | D:6      | Gained mutation: You are agile. (Dex +4, Str/Int -1)
                  | [potion of mutation]
  5418 | D:6      | Found a burning altar of Makhleb.
  5467 | D:6      | Found Kuykhous's Armour Emporium.
  5581 | D:6      | Reached skill level 5 in Short Blades
  5743 | D:7      | Noticed a troll
  5812 | D:7      | Found Kuton's Assorted Antiques.
  5815 | D:7      | Bought a scroll of identify for 52 gold pieces
  5815 | D:7      | Bought a potion of might for 104 gold pieces
  5826 | D:7      | Found Titusuc's Antique Armour Shop.
  5907 | D:7      | HP: 1/54 [something (6)]
  5910 | D:7      | Killed from afar by an orc priest

Illustrated notes

Levels and vault maps discovered:
D:1:      ncdulo_watergridlock, layout_basic,
          shapermc_ecumenical_altar_mp_vishouse
D:2:      layout_loops_ring, serial_bayou_crossing, uniq_jessica
D:3:      layout_basic, nicolae_overflow_hidden_temple,
          mainiacjoe_overflow_surrounded_room
D:4:      layout_rooms, nicolae_wu_jian_wuxing_cycle,
          minmay_temple_entry_statues
D:5:      layout_basic, amcnicky_altar_gilded, mainiacjoe_overflow_brackets,
          tgw_fedhas, serial_shops, shop, uniq_duvessa
D:6:      layout_basic, overflow_temple_1_default, serial_shops, shop_fountains
D:7:      layout_cave_pods, serial_shops, nicolae_square_shop,
          nicolae_shop_behind_doors, shop, minmay_microvault

Skill      XL: |  1  2  3  4  5  6  7  8 |
---------------+-------------------------+-----
Dodging        | 4 5 6 |  6.1
Long Blades    | 1 |  1.2
Shields        | 3 6 |  6.0
Fighting       | 4 |  4.1
Short Blades   | 5 |  5.3
Stealth        | 3 |  3.4

Action                     |  1- 3 |  4- 6 |  7- 9 || total
---------------------------+-------+-------+-------++-------
  Melee: Short sword       |    43 |   154 |   145 ||   342
         Constrict         |    14 |    39 |    29 ||    82
         Tentacles         |    12 |    41 |    45 ||    98
         Punch             |       |     2 |     5 ||     7
         Great sword       |       |    22 |       ||    22
    Use: Scroll            |       |    11 |     3 ||    14
         Potion            |       |     1 |    10 ||    11
   Stab: Sleeping          |     8 |    19 |    11 ||    38
         Distracted        |       |     1 |     1 ||     2
 Armour: Skin              |       |    14 |     7 ||    21
  Dodge: Dodged            |    22 |   104 |    50 ||   176
  Block: Tower shield      |       |    42 |    99 ||   141

Table legend: (Time is in decaauts)
 A = Elapsed time spent in this place.
 B = Non-inter-level travel time spent in this place.
 C = Inter-level travel time spent in this place.
 D = Time resting spent in this place.
 E = Time spent auto-exploring this place.
 F = Levels seen in this place.
 G = Mean time per level.
                   A        B        C        D        E       F      G
               +--------+--------+--------+--------+--------+-----+--------+
         Total |   5951 |   5790 |    161 |    845 |   3670 |   7 |  850.1 |
       Dungeon |   5951 |   5790 |    161 |    845 |   3670 |   7 |  850.1 |
               +--------+--------+--------+--------+--------+-----+--------+

Top non-repeatable levels by time:
     D:4: 1237 daAuts
     D:3: 1137 daAuts
     D:6: 920 daAuts
     D:2: 884 daAuts
     D:1: 875 daAuts
     D:5: 704 daAuts
     D:7: 190 daAuts
